Map: Королевская бухта РВ

Players

Murena

  • Race: Terran Terran
  • Spawn Location: 5:00

ИИ 1 (эксперт) - Winner!

  • Race: Zerg Zerg
  • Spawn Location: 11:00

VOD

Have the link to the VOD?

Description

Time

  • Played on: Feb. 1, 2019, 5:48 a.m.
  • Length: 26:21
Show
View Real Time Build Order
Export as new Build Order

Murena Terran 

Build Orders:  

Get SALT Encoding   

  12  0:01  SCV  
  13  0:14  Supply Depot  
  13  0:18  SCV  
  14  0:30  SCV  
  15  0:37  Barracks  
  15  0:43  SCV  
  16  0:56  SCV  
  17  1:00  Barracks  
  17  1:08  SCV  
  18  1:18  Barracks  
  18  1:23  SCV  
  18  1:25  Marine  
  20  1:30  Supply Depot  
  20  1:35  SCV  
  21  1:43  Refinery  
  21  1:45  Marine  
  22  1:48  Marine  
  22  1:51  SCV  
  24  2:05  Marine  
  25  2:10  Orbital Command  
  25  2:12  Marine  
  25  2:15  Marine  
  27  2:26  Supply Depot  
  27  2:27  Marine  
  28  2:31  Barracks Tech Lab  
  28  2:35  Barracks Tech Lab  
  28  2:36  SCV  
  29  2:47  Barracks Reactor  
  29  2:55  Command Center  
  29  3:01  SCV  
  29  3:05  Marauder  
  32  3:09  Marauder  
  34  3:16  Refinery  
  34  3:23  Marine x2  
  34  3:26  Concussive Shells  
  36  3:29  Marine  
  37  3:37  Supply Depot  
  37  3:39  Marine  
  38  3:43  SCV  
  39  3:51  Supply Depot  
  39  3:56  Engineering Bay  
  39  3:58  Marine, SCV  
  39  3:59  Marine  
  42  4:04  Marauder  
  42  4:06  Marauder  
  46  4:11  Combat Shield  
  46  4:21  SCV x2  
  48  4:25  Terran Infantry Weapons Level 1  
  48  4:26  Marine  
  48  4:28  Marine  
  50  4:39  SCV x2  
  52  4:47  Marauder  
  52  4:49  Marauder  
  52  4:50  Marine  
  52  4:51  Marine  
  58  4:56  Missile Turret  
  58  4:58  SCV  
  59  5:02  SCV  
  60  5:08  Marauder  
  60  5:11  Bunker  
  60  5:13  Missile Turret  
  62  5:15  SCV x2  
  62  5:19  Marine  
  65  5:21  Marine x2  
  61  5:30  Marauder  
  55  5:37  Marine  
  55  5:39  Marine x2  
  51  5:51  Marine  
  51  5:56  Marine  
  51  5:57  Marine  
  53  5:58  Marauder  
  55  6:09  Marauder  
  52  6:14  Marine  
  53  6:19  Marauder  
  51  6:26  Marine  
  51  6:30  Marine  
  51  6:31  Marine  
  53  6:40  Marine  
  53  6:42  Orbital Command  
  53  6:43  Marine  
  55  6:49  SCV  
  55  6:51  Barracks  
  55  6:52  Barracks x2  
  56  6:59  Terran Infantry Armor Level 1  
  56  7:01  SCV  
  57  7:04  Engineering Bay  
  57  7:10  SCV  
  57  7:11  Factory  
  57  7:13  SCV  
  59  7:26  Marauder x2  
  59  7:29  Marine x2, Command Center  
  65  7:32  SCV  
  66  7:42  Barracks Reactor x2  
  66  7:47  Marauder, Marine, SCV  
  66  7:49  Barracks Tech Lab  
  70  7:55  Supply Depot  
  70  7:56  Supply Depot  
  70  8:01  Supply Depot  
  70  8:06  Factory Reactor  
  70  8:07  Armory  
  70  8:16  Marine, SCV x2  
  70  8:17  Marauder x2  
  70  8:18  Marauder  
  79  8:28  SCV x2  
  81  8:38  Marauder x2  
  81  8:39  Refinery  
  81  8:40  Marauder, SCV x2  
  81  8:41  Refinery  
  89  8:44  Hellion  
  89  8:46  Hellion  
  93  8:53  Supply Depot, SCV x2  
  95  8:59  Marauder  
  95  9:01  Orbital Command  
  97  9:05  SCV x2  
  97  9:07  Terran Infantry Armor Level 2  
  97  9:08  Terran Infantry Weapons Level 2  
  99  9:16  Hellion x2  
  103  9:25  Marine x2  
  103  9:29  Marine  
  103  9:30  Marauder x3  
  103  9:31  Marine  
  113  9:37  Hellion  
  113  9:38  Hellion  
  107  9:50  Marine, Stimpack  
  90  9:52  Marine  
  90  9:54  Marauder x2, Marine x2  
  90  9:59  Hellion x2  
  95  10:05  Marauder  
  95  10:06  Marine x2  
  99  10:08  Marine  
  99  10:10  Marine  
  99  10:12  Marine  
  102  10:15  Marauder x2  
  106  10:30  Command Center  
  106  10:36  Starport  
  106  10:38  Marine x3  
  106  10:39  Marauder  
  106  10:41  Starport  
  111  10:48  Marine x2  
  89  11:21  Marine x3  
  89  11:22  Marine x3  
  89  11:23  Marauder  
  89  11:24  Hellbat x2  
  89  11:25  Marine x2  
  74  11:37  Starport Reactor  
  74  11:38  Starport Reactor  
  74  11:39  Marine x4  
  77  11:40  Marine x2  
  77  11:43  Marauder x2  
  77  11:45  Hellbat  
  77  11:46  Hellbat  
  88  11:50  SCV x3  
  91  11:55  Marine  
  91  11:59  Planetary Fortress  
  92  12:02  SCV  
  92  12:04  Missile Turret  
  92  12:05  Marauder  
  95  12:11  Hellbat x2  
  95  12:12  Marine x2  
  101  12:16  Terran Infantry Armor Level 3  
  101  12:19  Terran Vehicle Weapons Level 1  
  101  12:23  Medivac x4  
  101  12:25  Marine  
  101  12:26  Marine x2  
  101  12:27  Marine x2  
  114  12:30  SCV x3  
  117  12:37  Terran Infantry Weapons Level 3, SCV  
  117  12:42  SCV x3  
  121  12:49  SCV  
  122  12:53  Medivac x2  
  122  12:54  Medivac x2  
  130  13:01  Marauder  
  132  13:16  Missile Turret  
  132  13:17  Factory  
  132  13:18  Missile Turret x2  
  132  13:21  Refinery, Factory  
  132  13:22  Supply Depot  
  132  13:23  Supply Depot x2  
  132  13:26  Supply Depot  
  132  13:28  Refinery  
  132  13:39  Missile Turret  
  132  13:43  Marine  
  132  13:44  Marauder x3  
  114  13:49  Marine x5  
  114  13:52  Hellbat x2  
  97  13:58  Medivac x2  
  97  14:01  Marine  
  92  14:04  SCV  
  92  14:05  Marauder x3  
  92  14:06  Marine  
  92  14:07  Marine x2  
  102  14:14  Hellbat x2  
  102  14:15  Factory Tech Lab x2  
  106  14:24  Marine x3  
  106  14:25  Marine x2  
  106  14:26  Marauder x3  
  106  14:27  Medivac x2  
  106  14:28  Medivac  
  123  14:35  Hellbat x2  
  127  14:43  Cyclone  
  127  14:44  Marine  
  127  14:45  Marine x5  
  134  14:48  Marauder x3  
  134  14:51  SCV x3  
  145  15:02  Marine x2  
  145  15:03  Marine x3  
  150  15:09  Marauder x3  
  156  15:18  Thor  
  162  15:22  Marine x2  
  164  15:34  Unknown  
  164  15:35  Unknown x2, Supply Depot  
  164  15:37  Marine, Supply Depot x2  
  164  15:39  Marauder x3, Thor, Supply Depot  
  146  15:43  Supply Depot  
  146  15:44  Marine  
  124  16:00  Marauder  
  124  16:01  Marauder x2, Marine x4  
  124  16:02  Marine x2  
  124  16:03  Thor  
  140  16:19  Marine x5  
  140  16:20  Marine  
  140  16:22  Marauder x3  
  152  16:28  Unknown  
  151  16:32  Command Center  
  151  16:37  Marine x5  
  151  16:38  Marine  
  147  16:43  Marauder x2  
  147  16:44  Marauder  
  125  16:51  Unknown  
  125  16:52  Cyclone x2  
  121  16:54  Marine  
  121  16:55  Marine x4  
  121  16:56  Marine  
  127  17:04  Marine  
  127  17:05  Marauder x2  
  133  17:08  SCV x2  
  133  17:10  SCV  
  133  17:12  Marine x2  
  133  17:13  Marine x3  
  133  17:14  Unknown  
  140  17:23  Marauder  
  140  17:25  Terran Vehicle Weapons Level 2  
  140  17:26  Marauder x2  
  146  17:39  Refinery  
  146  17:41  Marine x3  
  146  17:42  Missile Turret  
  149  17:44  Marauder  
  149  17:47  Marauder x2  
  155  17:54  Marine x3  
  155  17:55  Missile Turret  
  155  17:56  Refinery  
  158  17:59  Marine  
  158  18:02  SCV  
  158  18:05  Bunker  
  160  18:06  Marauder, Refinery  
  160  18:08  Refinery, Marine  
  160  18:09  Marauder x2  
  132  18:32  Marauder x3  
  108  18:37  Unknown x2  
  108  18:38  Unknown  
  108  18:39  Unknown  
  108  18:40  Unknown  
  86  18:44  Marine x3  
  74  18:53  Marauder x3  
  74  18:54  Marine x3  
  83  19:02  Marine x3  
  83  19:10  SCV  
  83  19:14  Marauder  
  83  19:15  Marauder  
  88  19:18  Marine x4  
  88  19:19  Marine  
  93  19:24  Thor  
  93  19:26  Marine x2  
  101  19:35  Marine x2  
  101  19:36  Marine x3  
  106  19:40  Thor  
  106  19:43  Marine  
  106  19:44  Marine x2  
  115  19:49  Planetary Fortress  
  115  19:56  Missile Turret  
  115  19:57  Missile Turret  
  115  19:58  Missile Turret x2, Unknown x2  
  115  20:07  Thor  
  115  20:08  SCV x3  
  115  20:09  SCV  
  115  20:10  Marine x2  
  127  20:19  Hellbat x2  
  127  20:20  Marine  
  127  20:21  Marine x4  
  134  20:23  Cyclone  
  139  20:41  Hellbat x2  
  143  20:54  Marauder x3  
  139  21:08  Thor x2  
  139  21:11  Marine x6  
  140  21:15  Marauder  
  140  21:16  Marauder x2  
  150  21:28  Marine  
  150  21:29  Marine x4  
  155  21:34  Marine  
  155  21:36  Marine  
  155  21:37  Marine x2  
  159  21:46  Marine x2  
  161  21:50  Marine  
  161  21:51  Thor, Marine x2  
  161  21:52  Marine  
  171  21:54  Marine  
  171  22:00  Terran Vehicle Weapons Level 3  
  172  22:06  Armory  
  172  22:19  Thor  
  178  22:24  Marine x4  
  182  22:45  Thor  
  182  22:47  Hellbat x2  
  192  23:02  Thor  
  198  23:08  Hellion  
  194  23:29  Marine x5  
  194  23:30  Marine x4  
  116  23:47  Marine x6  
  116  23:48  Thor, Marine x3  
  113  24:04  Marine  
  113  24:05  Marine x6  
  113  24:06  Marine x2  
  113  24:08  Thor  
  128  24:22  Marine x2  
  128  24:23  Marine x6  
  134  24:39  Unknown  
  134  24:40  Unknown  
  45  25:17  Marine x4  
  45  25:18  Marine x5  
  40  25:33  Missile Turret  
  40  25:35  Marine  
  40  25:36  Marauder x2  
Show
View Real Time Build Order
Export as new Build Order

ИИ 1 (эксперт) Zerg - Winner!

Build Orders: Pool First 

Get SALT Encoding   

  12  0:00  Drone  
  13  0:12  Overlord  
  13  0:18  Drone  
  14  0:30  Drone  
  14  0:31  Drone  
  16  0:44  Spawning Pool  
  16  0:46  Drone  
  16  0:51  Drone  
  17  1:15  Drone, Hatchery  
  17  1:19  Extractor  
  17  1:21  Drone  
  17  1:24  Extractor  
  16  1:26  Drone  
  16  1:31  Drone  
  18  1:38  Drone  
  19  1:49  Overlord  
  19  1:58  Queen  
  21  2:04  Zergling x2  
  22  2:10  Drone  
  23  2:26  Queen  
  25  2:30  Drone  
  26  2:38  Drone  
  26  2:40  Drone  
  28  2:45  Drone  
  29  2:58  Roach Warren  
  29  3:02  Drone  
  29  3:03  Drone  
  30  3:07  Zergling x2  
  30  3:10  Zergling x2  
  32  3:17  Overlord  
  32  3:19  Drone  
  33  3:23  Drone  
  34  3:39  Roach x3  
  42  3:41  Roach  
  42  3:47  Lair  
  42  3:52  Overlord  
  42  3:57  Overlord  
  42  3:59  Zergling x2  
  43  4:03  Zergling x2  
  44  4:10  Drone x2, Zergling x2  
  44  4:12  Drone  
  44  4:15  Drone  
  49  4:17  Drone  
  49  4:22  Overlord  
  50  4:26  Roach  
  50  4:31  Roach  
  54  4:33  Roach  
  54  4:37  Roach  
  58  4:41  Overlord  
  58  4:47  Hydralisk Den, Drone  
  58  4:49  Drone  
  58  4:51  Drone  
  60  4:54  Roach  
  60  4:58  Roach  
  64  5:04  Drone  
  64  5:06  Drone  
  66  5:10  Overlord  
  66  5:12  Drone  
  67  5:15  Drone  
  67  5:16  Drone, Hydralisk  
  67  5:20  Hydralisk  
  73  5:22  Drone  
  73  5:24  Drone  
  73  5:26  Drone  
  73  5:28  Drone  
  67  5:30  Zergling x2  
  67  5:32  Drone  
  67  5:33  Drone  
  65  5:38  Roach  
  65  5:40  Roach  
  65  5:41  Roach  
  64  5:43  Zergling x2  
  64  5:45  Roach  
  65  5:50  Roach, Drone  
  65  5:56  Infestation Pit, Drone  
  68  5:59  Drone  
  68  6:01  Roach  
  68  6:03  Roach  
  70  6:05  Zergling x2  
  67  6:11  Hydralisk  
  67  6:12  Roach x2  
  67  6:15  Overlord  
  67  6:17  Roach  
  75  6:23  Roach, Zergling x2  
  77  6:31  Ravager  
  77  6:32  Evolution Chamber, Ravager  
  78  6:34  Infestor  
  78  6:36  Overlord  
  78  6:37  Roach  
  82  6:41  Roach  
  82  6:43  Hatchery  
  83  6:49  Drone  
  84  6:56  Evolution Chamber  
  84  6:57  Drone  
  84  6:59  Zerg Missile Weapons Level 1  
  84  7:03  Extractor  
  84  7:05  Drone  
  84  7:06  Extractor  
  84  7:07  Drone  
  84  7:10  Overseer  
  84  7:18  Infestor  
  84  7:22  Zerg Ground Armor Level 1  
  86  7:25  Spine Crawler, Drone x3  
  86  7:27  Drone, Overlord, Hydralisk  
  86  7:28  Drone x2  
  93  7:32  Hydralisk  
  95  7:45  Spine Crawler, Drone  
  95  7:47  Overlord, Infestor  
  97  7:55  Drone x3  
  97  7:56  Drone x4  
  97  7:57  Drone x2  
  106  8:03  Drone  
  106  8:05  Drone  
  108  8:06  Extractor  
  108  8:07  Drone  
  108  8:14  Overlord  
  108  8:16  Drone  
  108  8:18  Drone, Pathogen Glands, Infestor  
  108  8:19  Roach, Drone  
  115  8:22  Drone  
  115  8:23  Roach, Drone  
  115  8:26  Drone x2  
  121  8:32  Drone  
  122  8:36  Overlord  
  122  8:37  Drone  
  122  8:40  Drone  
  124  8:46  Extractor  
  124  8:47  Drone  
  124  8:48  Drone  
  125  8:50  Drone x2, Spore Crawler  
  125  8:51  Roach  
  125  8:52  Spore Crawler  
  125  8:55  Overlord  
  127  8:56  Zerg Missile Weapons Level 2  
  127  9:00  Queen  
  129  9:08  Drone x2  
  131  9:11  Hydralisk  
  131  9:14  Overlord, Neural Parasite  
  131  9:16  Hydralisk  
  135  9:19  Zerg Ground Armor Level 2  
  135  9:23  Spine Crawler  
  135  9:24  Drone  
  135  9:31  Zergling x2  
  135  9:33  Overlord  
  136  9:38  Lurker Den  
  136  9:40  Hatchery  
  136  9:41  Zergling x6  
  136  9:43  Zergling x6  
  136  9:44  Baneling Nest, Zergling x2  
  136  9:45  Drone  
  137  9:46  Roach, Evolution Chamber  
  137  9:47  Roach  
  137  9:48  Drone  
  137  9:52  Roach x2  
  123  9:53  Roach  
  123  9:54  Roach, Zergling x2  
  123  9:57  Roach, Infestor, Zergling x2  
  114  10:03  Roach  
  114  10:04  Roach  
  115  10:07  Infestor  
  117  10:21  Ravager  
  117  10:23  Roach  
  117  10:24  Spine Crawler  
  117  10:28  Spine Crawler, Baneling x4, Zergling x4  
  120  10:30  Ravager  
  120  10:31  Metabolic Boost  
  120  10:32  Roach  
  120  10:33  Zerg Melee Weapons Level 1  
  123  10:35  Hydralisk  
  123  10:39  Hydralisk  
  127  10:43  Baneling x2, Zergling x2  
  128  10:52  Drone x2, Infestor, Queen  
  128  10:53  Drone x2  
  136  11:01  Infestor  
  136  11:02  Extractor, Roach, Zergling x2  
  136  11:03  Roach x2, Drone  
  145  11:06  Extractor, Zergling x2  
  145  11:07  Drone  
  145  11:08  Spore Crawler  
  145  11:09  Drone, Zergling x2  
  145  11:10  Baneling, Spore Crawler  
  145  11:11  Drone, Baneling, Zergling x4  
  142  11:12  Spine Crawler, Drone, Hatchery, Zergling x2  
  142  11:13  Drone  
  142  11:14  Zergling x2  
  142  11:15  Zergling x2  
  142  11:17  Zergling x2  
  141  11:18  Zergling x2  
  141  11:20  Roach  
  141  11:21  Hydralisk  
  141  11:23  Roach  
  141  11:25  Roach  
  134  11:27  Roach  
  134  11:29  Roach  
  134  11:31  Roach  
  133  11:32  Roach  
  133  11:34  Baneling x2, Hydralisk  
  133  11:35  Baneling x2  
  133  11:37  Roach  
  133  11:39  Roach  
  139  11:41  Roach  
  139  11:45  Hive  
  141  12:14  Drone, Spire  
  141  12:32  Extractor  
  141  12:33  Drone  
  141  12:34  Spine Crawler  
  141  12:35  Drone  
  141  12:36  Spore Crawler  
  140  12:37  Drone  
  141  12:45  Extractor  
  141  12:46  Drone  
  141  12:48  Zerg Melee Weapons Level 2, Spine Crawler  
  141  12:49  Drone  
  141  12:50  Queen, Spore Crawler  
  142  12:51  Drone  
  142  12:57  Zerg Missile Weapons Level 3  
  143  13:00  Zerg Ground Armor Level 3  
  143  13:04  Spine Crawler  
  143  13:05  Drone  
  143  13:06  Spine Crawler  
  143  13:07  Drone  
  143  13:08  Spine Crawler  
  143  13:09  Drone  
  143  13:15  Infestor  
  145  13:21  Infestor  
  145  13:26  Corruptor x2, Zergling x2  
  148  13:27  Viper, Overlord  
  148  13:28  Greater Spire  
  148  13:33  Viper  
  157  13:34  Drone  
  157  13:39  Zergling x2  
  157  13:40  Hydralisk, Infestor, Zergling x2  
  164  13:41  Zergling x2  
  164  13:42  Zergling x2  
  164  13:43  Overseer, Infestor, Queen  
  164  13:45  Zergling x2, Overlord, Drone, Spore Crawler  
  164  13:46  Zergling x2  
  164  13:47  Overseer, Hatchery, Spore Crawler  
  157  13:51  Spore Crawler  
  157  13:52  Drone  
  157  13:53  Drone x2  
  157  13:54  Spine Crawler, Drone  
  148  13:59  Baneling  
  148  14:00  Baneling  
  148  14:02  Baneling  
  146  14:03  Baneling  
  146  14:07  Roach  
  146  14:09  Roach  
  150  14:14  Roach  
  150  14:16  Hydralisk  
  154  14:18  Hydralisk  
  154  14:21  Hydralisk  
  154  14:23  Hydralisk  
  160  14:26  Pneumatized Carapace, Hydralisk  
  160  14:27  Hydralisk  
  160  14:30  Mutalisk x3, Overlord  
  170  14:39  Corruptor  
  170  14:40  Spine Crawler, Brood Lord  
  170  14:42  Drone  
  170  14:43  Zergling x2  
  175  14:49  Overlord  
  175  15:00  Spine Crawler, Drone, Baneling  
  175  15:01  Zergling x8  
  175  15:02  Baneling  
  175  15:03  Spore Crawler  
  175  15:04  Drone  
  175  15:06  Queen  
  181  15:12  Zergling x2  
  182  15:14  Brood Lord  
  182  15:16  Corruptor  
  182  15:20  Hatchery  
  185  15:21  Drone  
  186  15:35  Mutalisk x2, Baneling, Zergling x2  
  187  15:36  Baneling x2, Zergling x2  
  187  15:37  Baneling x2, Zergling x2  
  187  15:38  Baneling x4, Zergling x2  
  187  15:39  Baneling  
  184  15:47  Zergling x2  
  184  15:48  Zergling x2  
  184  15:49  Zergling x2  
  178  15:50  Zergling x2  
  178  15:52  Roach  
  178  15:53  Brood Lord  
  178  15:54  Roach  
  178  15:55  Hatchery  
  178  15:56  Roach  
  167  15:57  Roach  
  167  15:59  Roach  
  167  16:00  Drone  
  167  16:03  Corruptor  
  172  16:05  Zergling x2  
  172  16:06  Zergling x2  
  172  16:09  Centrifical Hooks  
  176  16:18  Infestor, Spore Crawler  
  177  16:19  Brood Lord  
  177  16:20  Spore Crawler  
  178  16:26  Drone  
  178  16:27  Drone  
  178  16:29  Corruptor  
  178  16:31  Zergling x2  
  173  16:33  Roach  
  173  16:34  Roach  
  173  16:36  Roach  
  173  16:38  Roach  
  173  16:39  Roach  
  173  16:40  Hatchery, Zergling x2  
  173  16:42  Drone  
  173  16:43  Zergling x2  
  173  16:44  Zergling x2  
  173  16:45  Zergling x2  
  173  16:46  Zergling x2  
  162  16:55  Zerg Melee Weapons Level 3  
  162  16:58  Adrenal Glands  
  162  17:00  Brood Lord  
  164  17:01  Corruptor  
  164  17:03  Zergling x2  
  164  17:04  Zergling x2  
  164  17:05  Zergling x2  
  164  17:06  Zergling x2  
  164  17:07  Baneling  
  164  17:08  Baneling, Zergling x2  
  171  17:10  Baneling, Zergling x2  
  171  17:11  Baneling  
  171  17:12  Baneling, Zergling x2  
  171  17:13  Baneling  
  171  17:14  Baneling  
  171  17:15  Zergling x2  
  174  17:16  Baneling x2  
  174  17:17  Baneling, Zergling x2  
  174  17:18  Baneling  
  174  17:19  Zergling x2  
  174  17:20  Baneling x2  
  174  17:22  Zergling x2  
  177  17:24  Brood Lord  
  177  17:27  Corruptor  
  177  17:29  Baneling x2  
  182  17:30  Zergling x2  
  182  17:32  Burrow  
  182  17:33  Infestor  
  182  17:36  Infestor  
  186  17:37  Baneling x2  
  186  17:38  Zergling x2  
  186  17:40  Baneling  
  186  17:41  Roach  
  189  17:48  Tunneling Claws  
  189  17:49  Spore Crawler  
  189  17:50  Drone  
  189  17:53  Baneling, Zergling x2  
  190  17:58  Spine Crawler  
  190  17:59  Spine Crawler, Drone  
  190  18:01  Drone  
  190  18:04  Brood Lord, Corruptor  
  194  18:09  Overseer  
  194  18:13  Infestor  
  194  18:14  Zergling x2  
  194  18:15  Baneling  
  194  18:16  Spore Crawler  
  194  18:18  Drone  
  191  18:20  Overlord  
  191  18:22  Hatchery  
  159  18:39  Roach  
  159  18:40  Hydralisk  
  158  18:41  Roach  
  158  18:43  Roach  
  158  18:44  Baneling x2, Zergling x2  
  158  18:46  Zergling x2  
  158  18:48  Roach  
  159  18:49  Drone, Brood Lord  
  159  18:50  Drone  
  159  18:54  Hatchery, Corruptor  
  156  18:56  Drone  
  156  18:58  Hydralisk  
  156  19:01  Corruptor  
  157  19:03  Zergling x2  
  157  19:05  Infestor  
  157  19:06  Baneling x2  
  157  19:07  Zergling x2  
  157  19:08  Zergling x2  
  157  19:09  Zergling x2  
  163  19:10  Zergling x2  
  163  19:13  Infestor  
  163  19:15  Infestor  
  168  19:18  Overlord  
  168  19:20  Roach  
  168  19:22  Mutalisk  
  172  19:24  Mutalisk  
  172  19:27  Mutalisk  
  172  19:29  Mutalisk  
  178  19:31  Mutalisk  
  178  19:33  Mutalisk  
  178  19:36  Mutalisk  
  184  19:38  Mutalisk  
  184  19:41  Drone  
  184  19:44  Corruptor  
  188  19:48  Corruptor  
  188  19:49  Zergling x2  
  188  19:50  Zergling x2  
  188  19:52  Zergling x2  
  193  19:53  Baneling, Zergling x2  
  193  19:55  Baneling, Zergling x2  
  193  19:56  Baneling  
  193  19:57  Baneling, Zergling x2  
  193  19:58  Baneling  
  193  19:59  Zergling x2  
  197  20:00  Baneling x2  
  197  20:01  Zergling x2  
  197  20:02  Baneling  
  197  20:04  Mutalisk  
  200  20:07  Baneling  
  200  20:09  Baneling  
  200  20:10  Baneling  
  200  20:11  Baneling  
  200  20:16  Zerg Flyer Weapons Level 1  
  200  20:22  Zergling x2, Spore Crawler  
  200  20:25  Drone, Spore Crawler  
  200  20:36  Baneling  
  200  20:38  Hatchery  
  200  20:39  Drone  
  200  20:43  Baneling  
  200  20:46  Drone, Zergling x2  
  200  20:49  Drone x2  
  200  20:55  Spore Crawler  
  200  20:56  Drone, Overlord  
  197  20:57  Zergling x2  
  197  20:59  Zergling x2  
  198  21:08  Baneling  
  198  21:09  Baneling x2  
  198  21:14  Drone, Zergling x2  
  200  21:26  Hatchery, Zergling x2  
  200  21:35  Spine Crawler  
  200  21:36  Drone  
  200  21:40  Spine Crawler, Drone  
  200  21:42  Drone, Baneling x2, Spore Crawler  
  200  21:53  Spine Crawler, Drone  
  200  21:57  Spine Crawler, Drone  
  200  22:03  Spine Crawler, Drone  
  200  22:06  Spine Crawler, Drone  
  200  22:11  Zerg Flyer Armor Level 1  
  200  22:22  Spine Crawler, Drone  
  200  22:25  Drone, Spore Crawler  
  200  22:33  Spine Crawler, Drone  
  200  22:35  Drone, Spore Crawler  
  200  22:38  Spine Crawler, Drone  
  200  22:42  Drone, Spore Crawler  
  200  22:46  Spine Crawler  
  200  22:47  Drone  
  200  22:55  Drone, Spore Crawler  
  200  23:03  Drone, Infestor  
  200  23:04  Drone, Hatchery  
  200  23:08  Drone, Spore Crawler  
  200  23:15  Drone, Spore Crawler  
  200  23:16  Drone x3  
  200  23:18  Drone  
  199  23:20  Roach  
  199  23:23  Drone, Zergling x2  
  199  23:24  Drone x3, Spore Crawler  
  199  23:25  Mutalisk, Drone x2, Zergling x4  
  199  23:26  Mutalisk, Zergling x2  
  183  23:27  Mutalisk x2, Zergling x4  
  183  23:28  Spine Crawler, Drone x3, Zergling x2  
  183  23:29  Mutalisk  
  183  23:30  Spine Crawler  
  183  23:31  Mutalisk, Baneling  
  183  23:33  Spine Crawler, Drone  
  173  23:35  Drone  
  173  23:36  Spine Crawler  
  173  23:37  Mutalisk, Drone  
  173  23:38  Zergling x2  
  173  23:39  Mutalisk  
  173  23:40  Mutalisk, Baneling x2  
  173  23:41  Baneling, Queen  
  177  23:46  Spore Crawler  
  177  23:48  Drone  
  177  23:50  Hatchery  
  177  23:51  Drone, Zergling x2  
  177  23:52  Zergling x2  
  177  23:53  Zergling x2  
  177  23:54  Mutalisk  
  182  23:56  Mutalisk x3  
  182  23:57  Mutalisk  
  182  23:58  Mutalisk  
  182  24:00  Mutalisk  
  182  24:01  Spine Crawler  
  182  24:02  Drone  
  194  24:04  Zerg Flyer Weapons Level 2, Corruptor  
  194  24:07  Corruptor  
  198  24:12  Viper, Spore Crawler  
  200  24:29  Drone, Spore Crawler  
  200  24:33  Drone, Spore Crawler  
  199  24:39  Drone, Zergling x4  
  199  24:40  Zergling x2  
  199  24:43  Spine Crawler, Zergling x2  
  199  24:44  Queen, Drone, Zergling x6  
  199  24:45  Mutalisk x2  
  199  24:46  Mutalisk x3, Zergling x2  
  199  24:48  Mutalisk, Viper, Zergling x2  
  199  24:52  Mutalisk x2, Zergling x2  
  196  24:54  Mutalisk  
  196  24:57  Mutalisk  
  196  24:59  Mutalisk x2, Baneling  
  196  25:00  Baneling x2  
  196  25:01  Mutalisk, Baneling  
  198  25:09  Queen  
  198  25:13  Mutalisk x2  
  198  25:14  Hatchery  
  199  25:24  Drone  
  199  25:25  Mutalisk  
  199  25:27  Mutalisk  
  199  25:30  Corruptor, Overseer  
  199  25:31  Corruptor x2  
  199  25:35  Mutalisk  
  200  25:36  Mutalisk  
  200  25:40  Mutalisk  
  199  25:44  Extractor  
  199  25:45  Drone  
  199  25:46  Extractor  
  199  25:47  Drone  
  199  25:50  Extractor  
  199  25:51  Extractor, Drone  
  199  25:52  Drone  
  199  25:54  Extractor, Mutalisk, Drone  
  199  25:55  Extractor, Mutalisk  
  199  25:57  Drone  
  200  25:59  Spine Crawler  
  200  26:00  Drone  
  200  26:01  Spore Crawler  
  200  26:02  Drone  
Tags
 
Add a new tag
Caveats
  • Supply blocks, unpowered buildings, or Contaminate may cause inaccurate times.
  • Supply counts are checked every 10 seconds.